Map: 黄金之柱-天梯版

Players

Nice

  • Race: Protoss Protoss
  • League: Master
  • Spawn Location: 7:00

llllllllllll - Winner!

  • Race: Terran Terran
  • League: Grandmaster
  • Spawn Location: 1:00

VOD

Have the link to the VOD?

Description

Time

  • Played on: Feb. 16, 2021, 10 a.m.
  • Length: 11:42
Show
View Real Time Build Order
Export as new Build Order

Nice Protoss 

Build Orders: 1 Gate Expand, Blink Stalkers, Zealot Archon 

Get SALT Encoding   

  12  0:00  Probe  
  13  0:12  Probe  
  14  0:19  Pylon  
  14  0:24  Probe (Chrono Boost)  
  15  0:38  Probe (Chrono Boost)  
  15  0:40  Gateway  
  16  0:45  Probe (Chrono Boost)  
  17  0:51  Assimilator  
  17  0:55  Probe  
  18  1:07  Probe  
  19  1:20  Probe  
  20  1:26  Cybernetics Core  
  20  1:39  Nexus  
  20  1:46  Pylon  
  20  1:54  Probe  
  20  1:55  Assimilator  
  20  2:00  Adept (Chrono Boost)  
  23  2:09  Shield Battery  
  23  2:11  Warp Gate  
  23  2:16  Probe  
  23  2:22  Stalker (Chrono Boost)  
  24  2:28  Probe  
  27  2:40  Probe (Chrono Boost)  
  27  2:43  Twilight Council  
  28  2:52  Probe (Chrono Boost)  
  30  2:58  Probe (Chrono Boost)  
  30  3:01  Probe (Chrono Boost)  
  30  3:05  Probe (Chrono Boost)  
  32  3:06  Probe (Chrono Boost), Robotics Facility  
  33  3:16  Probe  
  33  3:18  Shield Battery  
  34  3:22  Probe  
  35  3:28  Blink (Chrono Boost), Probe  
  36  3:34  Probe  
  36  3:40  Probe  
  38  3:46  Probe  
  39  3:53  Probe  
  39  3:54  Observer (Chrono Boost)  
  41  3:59  Probe  
  42  4:03  Gateway  
  42  4:05  Gateway  
  42  4:07  Stalker  
  42  4:08  Gateway  
  45  4:14  Pylon  
  44  4:17  Warp Prism  
  44  4:23  Pylon  
  46  4:31  Pylon  
  46  4:32  Probe, Stalker  
  46  4:34  Probe  
  46  4:37  Assimilator  
  50  4:43  Assimilator  
  50  4:44  Probe  
  51  4:50  Pylon  
  51  4:51  Observer  
  51  5:00  Stalker  
  51  5:01  Stalker x2  
  51  5:02  Probe x2  
  51  5:05  Stalker  
  61  5:14  Probe, Charge (Chrono Boost)  
  61  5:15  Probe  
  61  5:19  Pylon  
  63  5:27  Probe, Adept x2  
  68  5:29  Sentry  
  68  5:30  Sentry  
  72  5:52  Observer  
  73  5:58  Probe  
  73  5:59  Probe  
  75  6:06  Gateway  
  75  6:07  Gateway  
  75  6:09  Gateway  
  75  6:13  Observer  
  75  6:14  Gateway  
  75  6:24  Nexus  
  73  6:25  Immortal (Chrono Boost)  
  73  6:27  Pylon  
  73  6:31  Probe x2  
  79  6:34  Observer  
  79  6:40  Stalker, Templar Archives, Sentry  
  79  6:41  Stalker  
  79  6:45  Pylon  
  79  6:46  Probe  
  86  6:48  Probe  
  86  6:58  Probe, Shield Battery  
  86  7:00  Probe  
  88  7:03  Immortal (Chrono Boost)  
  92  7:15  Phoenix  
  92  7:16  Probe  
  92  7:21  High Templar x2  
  97  7:26  Archon, High Templar x2  
  100  7:32  Archon  
  100  7:34  Zealot  
  102  7:37  Probe x3  
  102  7:39  Zealot x3, Pylon  
  111  7:48  Pylon  
  111  7:51  Probe x3  
  114  7:59  High Templar x2  
  114  8:00  Zealot x3  
  114  8:04  Archon  
  122  8:16  Zealot x3  
  110  8:32  Zealot  
  79  8:42  Psionic Storm  
  79  8:43  Zealot  
  79  8:44  Zealot x6  
  77  8:49  Zealot x3  
  69  9:05  Pylon  
  69  9:07  Pylon  
  67  9:14  High Templar x3  
  73  9:24  Pylon, High Templar  
  73  9:28  Shield Battery  
  73  9:30  Zealot x3  
  81  9:34  Immortal  
  85  9:40  Pylon  
  82  9:49  Zealot x4  
  70  10:12  High Templar  
  70  10:21  High Templar  
  70  10:27  Observer (Chrono Boost)  
  69  10:28  Zealot x2  
  69  10:29  Zealot x3  
  79  10:42  Pylon  
  79  10:45  High Templar  
  79  10:49  Stalker  
  83  10:50  Zealot x3  
  83  10:57  Stalker  
  91  10:59  Stalker  
Show
View Real Time Build Order
Export as new Build Order

llllllllllll Terran - Winner!

Build Orders:  

Get SALT Encoding   

  12  0:00  SCV  
  13  0:12  SCV  
  14  0:17  Supply Depot  
  14  0:24  SCV  
  15  0:38  SCV  
  15  0:40  Barracks  
  16  0:51  SCV  
  16  0:53  Refinery  
  17  1:03  SCV  
  18  1:15  SCV  
  19  1:28  Marine  
  19  1:29  Orbital Command  
  20  1:42  Command Center  
  20  1:47  Barracks Reactor  
  20  1:53  Supply Depot  
  20  1:56  SCV  
  21  2:08  SCV  
  21  2:09  Barracks  
  22  2:20  SCV, Barracks  
  23  2:23  Marine  
  23  2:24  Marine  
  25  2:33  SCV  
  26  2:41  Marine  
  26  2:42  Marine  
  28  2:45  SCV  
  29  2:56  Barracks Tech Lab  
  29  2:57  SCV  
  30  2:59  Orbital Command, Marine  
  30  3:00  Marine  
  32  3:09  Barracks Tech Lab, SCV  
  33  3:14  Stimpack  
  33  3:15  Marine  
  33  3:17  Marine  
  35  3:21  SCV  
  35  3:26  SCV  
  37  3:32  Supply Depot  
  37  3:33  SCV  
  36  3:36  Marauder  
  36  3:37  Marauder, Marine x2  
  41  3:47  SCV  
  41  3:48  Combat Shield  
  41  3:51  SCV  
  41  3:52  Supply Depot  
  42  3:57  Marine x2  
  42  3:59  SCV  
  44  4:03  SCV  
  44  4:05  Marauder x2  
  49  4:11  SCV  
  49  4:14  Supply Depot  
  49  4:15  SCV  
  49  4:16  Engineering Bay  
  49  4:17  Marine x2  
  51  4:23  SCV  
  54  4:27  SCV  
  54  4:28  Marauder  
  54  4:29  Marauder  
  59  4:34  Marine x2  
  59  4:35  SCV, Refinery  
  62  4:40  SCV  
  62  4:42  Supply Depot  
  63  4:47  SCV  
  63  4:52  SCV, Refinery  
  65  4:57  Marine x4  
  65  4:58  Terran Infantry Armor Level 1  
  70  5:00  SCV  
  70  5:04  SCV  
  70  5:05  Supply Depot  
  71  5:12  SCV  
  72  5:14  Marine  
  72  5:15  Marine x2  
  72  5:16  SCV  
  72  5:18  Factory  
  76  5:24  SCV, Refinery  
  77  5:28  Marine  
  77  5:32  Marine  
  77  5:33  Concussive Shells, Marine x2  
  81  5:37  Barracks  
  81  5:38  Barracks  
  81  5:41  SCV x2  
  80  5:53  SCV  
  80  5:54  SCV  
  80  5:56  Marine  
  80  5:57  Marine x2  
  83  6:01  Starport  
  83  6:02  Factory Reactor  
  84  6:05  SCV, Supply Depot  
  85  6:12  SCV  
  85  6:17  SCV  
  84  6:25  SCV  
  85  6:28  Barracks Reactor  
  85  6:29  Command Center, SCV  
  85  6:31  Barracks Tech Lab  
  86  6:37  SCV  
  86  6:39  Supply Depot  
  87  6:41  SCV  
  87  6:42  Supply Depot  
  88  6:47  Medivac x2  
  88  6:48  Factory Reactor  
  88  6:49  Supply Depot  
  92  6:55  Marauder  
  92  7:01  Marauder x2, Marine x2  
  100  7:06  Supply Depot x2  
  100  7:07  Supply Depot  
  100  7:09  SCV  
  100  7:10  SCV  
  102  7:17  Medivac x2  
  102  7:18  Marauder  
  102  7:19  Marine x3  
  102  7:22  SCV x2  
  113  7:31  Marauder x2, Marine  
  113  7:34  SCV  
  113  7:36  Marine  
  120  7:44  Ghost Academy  
  120  7:45  SCV  
  120  7:47  Viking x2  
  120  7:51  SCV  
  126  7:54  Marauder x2  
  126  7:57  SCV  
  131  8:00  Marine x2  
  133  8:05  Marine  
  133  8:06  Marine x2  
  131  8:15  Marine  
  132  8:23  Marine x2  
  132  8:24  Marauder  
  132  8:26  Marine x2  
  124  8:27  Marauder  
  124  8:33  Marauder  
  98  8:45  Marauder  
  100  8:48  Marauder  
  96  8:55  Marine x2  
  96  8:56  Marine x2  
  96  9:00  Marine  
  94  9:06  Marine  
  83  9:15  Marine x2  
  87  9:20  Marine  
  86  9:24  Marine  
  86  9:26  Marine  
  88  9:33  Ghost  
  90  9:40  Ghost  
  90  9:44  Ghost  
  89  9:55  Marine  
  89  9:56  Marine  
  89  9:59  SCV x2  
  78  10:02  Ghost  
  62  10:07  Marine x2  
  62  10:13  Marauder, Marine  
  66  10:14  Marine  
  66  10:16  Orbital Command  
  66  10:17  Marine  
  64  10:25  Marine x2  
  68  10:31  Marine  
  68  10:35  Liberator  
  70  10:36  Liberator  
  70  10:41  SCV  
  74  10:43  SCV  
  74  10:46  SCV  
  76  10:53  Marauder x2, Orbital Command  
  76  10:56  Marine  
  81  10:59  Marine  
  82  11:05  SCV x2  
  84  11:14  Marauder  
  84  11:17  SCV  
  87  11:21  SCV x2  
  88  11:29  SCV  
Tags
 
Add a new tag
Caveats
  • Supply blocks, unpowered buildings, or Contaminate may cause inaccurate times.
  • Supply counts are checked every 10 seconds.